 Dungeon Crawl Stone Soup version 0.21-a0-513-gdcb3f5eb25 (webtiles) character file.

231 GordonOverkill the Charlatan (level 5, 0/42 HPs)
             Began as a Mummy Artificer on Dec 2, 2017.
             Slain by a wraith (3 damage)
             ... in an ossuary.
             The game lasted 00:09:44 (5126 turns).

GordonOverkill the Charlatan (Mummy Artificer)      Turns: 5126, Time: 00:09:45

Health: 0/42       AC:  7    Str: 17    XL:     5   Next: 73%
Magic:  7/7        EV: 10    Int: 10    God:
Gold:   131        SH:  0    Dex: 12    Spells: 4/4 levels left

rFire    . . .     SeeInvis .   o - +1 trident
rCold    . . .     Gourm    .   (no shield)
rNeg     + + +     Faith    .   m - +1 scale mail
rPois    ∞         Spirit   .   (no helmet)
rElec    .         Reflect  .   (no cloak)
rCorr    .         Harm     .   (no gloves)
MR       .....                  (no boots)
Stlth    ..........             (no amulet)
HPRegen  0.14/turn              f - ring of fire
MPRegen  0.10/turn              (no ring)

@: about to teleport, slowed, very slow
A: no food or potions, fire vulnerability, cold resistance 1, negative energy
resistance 3, torment resistance, unbreathing
a: no special abilities


You were in an ossuary.
You were not hungry.

You visited 1 branch of the dungeon, and saw 4 of its levels.
You also visited: Ossuary.

You collected 131 gold pieces.

Inventory:

Hand Weapons
 o - a +1 trident (weapon)
Missiles
 l - 2 javelins (quivered)
Armour
 m - a +1 scale mail (worn)
Jewellery
 a - an uncursed amulet of magic regeneration
 f - a ring of fire (left hand)
Wands
 c - a wand of flame (9)
 d - a wand of enslavement (13)
 e - a wand of random effects (2)
Scrolls
 b - 3 scrolls of enchant weapon
 g - a scroll of noise {unknown}
 h - a scroll of amnesia {unknown}
 i - a scroll of teleportation
 j - 4 scrolls of identify
 k - a scroll of immolation
 n - 3 scrolls of remove curse


   Skills:
 + Level 3.7 Fighting
   Level 0.7 Short Blades
 * Level 1.6 Polearms
 - Level 1.5 Dodging
 - Level 0.7 Stealth
 + Level 3.9 Evocations


You had 4 spell levels left.
You didn't know any spells.

Dungeon Overview and Level Annotations

Branches:
Dungeon (4/15)
 Temple: D:4-7

Altars:
Ashenzari
Fedhas
Makhleb
Okawaru

Annotations:
D:3 exclusion: oklob plant
D:4 Cecky's ghost, amateur MfSk


Innate Abilities, Weirdness & Mutations

You do not eat or drink.
Your flesh is vulnerable to fire.
You are immune to poison.
Your flesh is cold resistant. (rC+)
You are immune to negative energy. (rN+++)
You are immune to unholy pain and torment.
You can survive without breathing.


Message History

The wraith hits you.
Evoke which item? (* to show all) (? for menu, Esc to quit)
Aiming: Random Effects
Press: ? - help, Shift-Dir - straight line, f - wraith
Aim: a wraith (heavily damaged)
The wraith easily resists.
The wraith closely misses you. The wraith barely misses you.
Evoke which item? (* to show all) (? for menu, Esc to quit)
Aiming: Random Effects
Press: ? - help, Shift-Dir - straight line, f/p - wraith
Aim: a wraith (heavily damaged)
The wraith easily resists.
The wraith hits you!
* * * LOW HITPOINT WARNING * * *
The wraith drains your vigour!
You feel as though you will be slow longer.
As you read the scroll of teleportation, it crumbles to dust.
You feel strangely unstable. The wraith barely misses you. The wraith hits you.
* * * LOW HITPOINT WARNING * * *
The wraith hits you.
You die...

..####..####..' ... ...8...
#...'!#..'
###..####.....####..####..'
..........................#
.........# #......^......#
##.......# #.......####..#
+....8...# #...8....'.#..#
####.......###.......####..#
..........W@..........^....#
.....#.#..#.#..#.#........#
### #'#..#'#..#'#..####..#
#?#..#.#..#.#..^'.# .#
###..###..###..####..#
...................#
....................#
#####################


You could see a wraith.

Vanquished Creatures
  An orc priest (D:3)
  A worker ant (D:3)
  A hound skeleton (D:4)
  5 adders
  2 oozes
  2 worms
  2 dart slugs
  3 leopard geckos
  5 orcs
  A ball python (D:2)
  5 giant cockroaches
  2 gnoll zombies (Ossuary)
  7 goblins
  11 hobgoblins
  3 jackals (D:4)
  10 kobolds
  4 quokkas
  8 bats
  7 frilled lizards
  A hobgoblin zombie (Ossuary)
  3 rats
84 creatures vanquished.

Vanquished Creatures (collateral kills)
  A howler monkey skeleton (D:4)
1 creature vanquished.

Grand Total: 85 creatures vanquished

Notes
Turn   | Place    | Note
-------+----------+-------------------------------------------
     0 | D:1      | GordonOverkill the Mummy Artificer began the quest for the Orb.
     0 | D:1      | Reached XP level 1. HP: 15/15 MP: 2/2
   126 | D:1      | Reached XP level 2. HP: 7/21 MP: 4/4
  1627 | D:2      | Reached XP level 3. HP: 25/27 MP: 5/5
  2763 | D:2      | Found an iron altar of Okawaru.
  2927 | D:3      | Reached XP level 4. HP: 34/34 MP: 6/6
  3720 | D:3      | Found a blossoming altar of Fedhas.
  3745 | D:3      | Noticed an oklob plant
  3916 | D:3      | Found a burning altar of Makhleb.
  4014 | D:3      | Reached XP level 5. HP: 41/41 MP: 7/7
  4029 | D:3      | Found a shattered altar of Ashenzari.
  4290 | D:4      | Noticed an ogre
  4298 | D:4      | Reached skill level 1 in Polearms
  4329 | D:4      | Noticed Cecky's ghost (amateur MfSk)
  4693 | D:4      | Found a sand-covered staircase.
  4715 | Ossuary  | Entered an ossuary
  4715 | Ossuary  | Noticed a wraith
  4715 | Ossuary  | Noticed a wraith
  4715 | Ossuary  | Noticed a wraith
  5113 | Ossuary  | Noticed a wraith
  5124 | Ossuary  | HP: 2/42 [wraith (4)]
  5126 | Ossuary  | Slain by a wraith

Vault maps used:
D:1:      nicolae_arrival_somewhat_less_tricky_arrival
D:2:      overflow_temple_1_default, serial_glass, glass_columns_c,
          glass_columns_b
D:3:      lemuel_doored_altar, tgw_fedhas, cheibrodos_ashenzari_chains,
          minmay_unequal
D:4:      lightli_ossuary_entry_decrepit_ruins, minmay_vboxes, uniq_eustachio
Ossuary:  ossuary_kennysheep_city_of_the_dead

Skill      XL: |  1  2  3  4  5 |
---------------+----------------+-----
Fighting       | 2 3 |  3.7
Evocations     | 3 |  3.9
Polearms       | 1 |  1.6
Short Blades   | |  0.7
Dodging        | |  1.5
Stealth        | |  0.7

Action                   |  1- 3 |  4- 6 || total
-------------------------+-------+-------++-------
Melee: Short sword       |   171 |    60 ||   231
       Trident           |       |   141 ||   141
Throw: Throwing net      |     1 |     1 ||     2
       Javelin           |     4 |    11 ||    15
Evoke: Wand              |     5 |    16 ||    21
  Use: Scroll            |       |     8 ||     8
 Stab: Sleeping          |     1 |       ||     1
Armor: Leather armour    |    35 |       ||    35
       Scale mail        |    18 |   115 ||   133
Dodge: Dodged            |    93 |   143 ||   236

Table legend:
 A = Spawn XP
 B = Non-spawn XP
 C = Spawn XP percentage of total XP
 D = Spawn monster count
 E = Non-spawn monster count
 F = Spawn count percentage of total count
 G = Total turns spent on level
                    A         B        C        D         E        F      G
               +---------+---------+-------+---------+---------+-------+---------
         Total |       0 |     331 |   0.0 |       0 |      85 |   0.0 |  5126
               +---------+---------+-------+---------+---------+-------+---------
           D:1 |       0 |      33 |   0.0 |       0 |      14 |   0.0 |  1470
           D:2 |       0 |      67 |   0.0 |       0 |      30 |   0.0 |  1989
           D:3 |       0 |     137 |   0.0 |       0 |      26 |   0.0 |   926
           D:4 |       0 |      89 |   0.0 |       0 |      12 |   0.0 |   330
       Ossuary |       0 |       5 |   0.0 |       0 |       3 |   0.0 |   411
               +---------+---------+-------+---------+---------+-------+---------
